 Dungeon Crawl Stone Soup version 0.24-a0-616-ge2a249a (console) character file.

Game seed: 14964361369947559352, levelgen mode: deterministic

194 vegansnacktivist the Covert (level 5, -4/22 HPs)
             Began as a Felid Transmuter on Sept 14, 2019.
             Slain by a gnoll
             ... wielding a +0 spear
              (7 damage)
             ... on level 3 of the Dungeon.
             The game lasted 00:08:26 (2679 turns).

vegansnacktivist the Covert (Felid Transmuter)      Turns: 2679, Time: 00:08:27

Health: -4/22      AC:  2    Str:  8    XL:     5   Next: 44%
Magic:  9/9        EV: 18    Int: 15    God:
Gold:   208        SH:  0    Dex: 18    Spells: 2/8 levels left
                                        Lives:  0   Deaths: 1

rFire    . . .     SeeInvis +     - Unarmed
rCold    . . .     Gourm    .   (shield unavailable)
rNeg     . . .     Faith    .   (armour unavailable)
rPois    .         Spirit   .   (helmet unavailable)
rElec    .         Reflect  .   (cloak unavailable)
rCorr    .         Harm     .   (gloves unavailable)
MR       .....                  (boots unavailable)
Stlth    +++++.....             (no amulet)
HPRegen  0.07/turn              (no ring)
MPRegen  0.11/turn              (no ring)

@: quick
A: very small, no armour, no weapons or thrown items, stealth, claws 1, fangs 3,
thin skeletal structure 1, see invisible, carnivore, speed 1, screaming 1,
shaggy fur 2, slow metabolism 1, sharp paws
a: no special abilities


You were on level 3 of the Dungeon.
You were not hungry.

You visited 1 branch of the dungeon, and saw 3 of its levels.

You collected 208 gold pieces.

Inventory:

Missiles
 a - 40 arrows
Scrolls
 b - a scroll of immolation {unknown}
 d - a scroll of enchant weapon {unknown}
 g - 2 scrolls of identify
 h - a scroll of amnesia
 k - a scroll of enchant armour
Potions
 e - 2 potions of curing
 f - a potion of flight
Comestibles
 c - 4 rations


   Skills:
 - Level 1.0 Fighting
 - Level 2.6 Dodging
 + Level 9.4 Stealth
 - Level 3.0 Unarmed Combat
 - Level 2.0 Spellcasting
 - Level 2.1 Transmutations


You had 2 spell levels left.
You knew the following spells:

 Your Spells              Type           Power        Failure   Level  Hunger
a - Beastly Appendage     Tmut           #.....       9%          1    #......
b - Sticks to Snakes      Tmut           #.......     14%         2    ###....
c - Spider Form           Tmut/Pois      #.........   38%         3    ###....

Your spell library contained the following spells:

 Spells                   Type           Power        Failure   Level  Hunger
 Ice Form                 Ice/Tmut       #.......     80%         4    #####..
 Blade Hands              Tmut           #.........   94%         5    ######.


Dungeon Overview and Level Annotations

Branches:
Dungeon (3/15)

Altars:


Innate Abilities, Weirdness & Mutations

You cannot wear armour.
You are incapable of wielding weapons or throwing items.
Your paws allow you to move quietly. (Stealth)
You have sharp claws.
You have razor-sharp teeth.
You have supernaturally acute eyesight. (SInv)
You are carnivorous and can eat meat at any time.
You cover ground quickly.
You are covered in thick fur. (AC +2)
You have a slow metabolism.
Your sharp claws are effective at attacking unaware monsters.
You have a somewhat thin skeletal structure. (Dex +2, Stealth)
You occasionally shout uncontrollably at your foes.


Message History

The gnoll closely misses you.
You scratch the gnoll.
The gnoll is severely wounded.
The gnoll barely misses you. The gnoll misses you.
The gnoll closely misses you.
You hiss at the adder!
An adder comes into view.
The adder hisses angrily.
The adder closely misses you.
The quokka twitches its whiskers.
The quokka misses you.
There is an open door here.
The gnoll shouts!
You hear a shout!
The gnoll throws an atropa-tipped dart.
The atropa-tipped dart hits you.
You see here an atropa-tipped dart.
You scratch the adder.
The adder is heavily wounded.
The adder misses you.
The gnoll hits you from afar with a +0 spear!
You die...

##.......##
###.........###
.'.........'.
#.........#
#.......# ##.....#
#...r.# #.##S##
#.##@## ##.g...#
#######.g###.# #
##.......g#.#..#
#.#.......##.##..#
#.#..##.g.#.#...##
#.......##.##..##
###..(..#g#.......
#g####.##..#.###


You could see 3 gnolls, an adder and a quokka.

Vanquished Creatures
  Sigmund (D:2)
  Jessica (D:3)
  Terence (D:2)
  A gnoll (D:3)
  9 adders
  An ooze (D:3)
  2 worms (D:2)
  3 dart slugs
  5 giant cockroaches
  7 goblins
  10 hobgoblins
  A jackal (D:3)
  A quokka (D:3)
  5 bats
  5 frilled lizards
  10 kobolds
  9 rats
72 creatures vanquished.

Notes
Turn   | Place    | Note
-------+----------+-------------------------------------------
     0 | D:1      | vegansnacktivist the Felid Transmuter began the quest for
                  | the Orb.
     0 | D:1      | Reached XP level 1. HP: 9/9 MP: 4/4
    43 | D:1      | Reached skill level 1 in Stealth
    50 | D:1      | Reached skill level 2 in Stealth
    72 | D:1      | Reached XP level 2. HP: 12/12 MP: 6/6
   307 | D:1      | Reached skill level 3 in Stealth
   610 | D:1      | Reached skill level 4 in Stealth
   633 | D:1      | Reached XP level 3. HP: 15/15 MP: 7/7
  1113 | D:2      | Noticed Terence
  1141 | D:2      | Killed Terence
  1141 | D:2      | Reached skill level 5 in Stealth
  1141 | D:2      | Reached XP level 4. HP: 12/19 MP: 8/8
  1306 | D:2      | Learned a level 2 spell: Sticks to Snakes
  1317 | D:2      | Learned a level 3 spell: Spider Form
  1421 | D:2      | Reached skill level 6 in Stealth
  1458 | D:1      | Gained mutation: You occasionally shout uncontrollably at
                  | your foes. [potion of mutation]
  1458 | D:1      | Gained mutation: You evolve. [potion of mutation]
  1494 | D:2      | Noticed Sigmund
  1502 | D:2      | Killed Sigmund
  1502 | D:2      | Reached skill level 8 in Stealth
  1502 | D:2      | Reached XP level 5. HP: 22/22 MP: 9/9
  1502 | D:2      | Gained mutation: You are covered in thick fur. (AC +2)
                  | [Felid growth]
  1502 | D:2      | Reached XP level 6. HP: 25/25 MP: 10/10
  2212 | D:3      | Noticed Jessica
  2227 | D:3      | Killed Jessica
  2227 | D:3      | Reached skill level 9 in Stealth
  2613 | D:3      | Gained mutation: You have a somewhat thin skeletal
                  | structure. (Dex +2, Stealth) [evolution]
  2613 | D:3      | Lost mutation: You evolve. [end of evolution]
  2630 | D:3      | Slain by a river rat
  2631 | D:3      | Reached XP level 5. HP: -4/22 MP: 9/9
  2679 | D:3      | Slain by a gnoll

Levels and vault maps discovered:
D:1:      scummos_arrival_star, layout_loops_ring, minmay_split_cup_small
D:2:      layout_basic, first_ration, uniq_terence, uniq_sigmund
D:3:      layout_loops_corners, lightli_sewer_entry_pipes, minmay_vboxes,
          uniq_natasha, uniq_jessica

Skill      XL: |  1  2  3  4  5  6 |
---------------+-------------------+-----
Stealth        | 2 4 5 8 9 |  9.4
Fighting       | |  1.0
Dodging        | |  2.6
Unarmed Combat | |  3.0
Spellcasting   | |  2.0
Transmutations | |  2.1

Action                   |  1- 3 |  4- 6 || total
-------------------------+-------+-------++-------
Melee: Unarmed           |   119 |   109 ||   228
       Bite              |    14 |    11 ||    25
       Punch             |     3 |       ||     3
  Use: Potion            |       |     6 ||     6
       Scroll            |       |     6 ||     6
 Stab: Sleeping          |    10 |    13 ||    23
       Distracted        |       |     1 ||     1
  Eat: Chunk             |     8 |     2 ||    10
Armor: Skin              |     6 |     5 ||    11
Dodge: Dodged            |    86 |    86 ||   172

Table legend:
 A = Non-vault XP
 B = Vault XP
 C = Vault XP percentage of total XP
 D = Non-vault monster count
 E = Vault monster count
 F = Vault count percentage of total count
                 A         B        C        D         E       F
            +---------+---------+-------+---------+---------+-------
      Total |     192 |     347 |  64.4 |      59 |      13 |  18.1
            +---------+---------+-------+---------+---------+-------
        D:1 |      52 |       4 |   7.1 |      30 |       3 |   9.1
        D:2 |     107 |     259 |  70.8 |      20 |       2 |   9.1
        D:3 |      33 |      84 |  71.8 |       9 |       8 |  47.1
            +---------+---------+-------+---------+---------+-------
